 Dungeon Crawl Stone Soup version 0.28.0 (webtiles) character file.

Game seed: 13475050417592687777

70 croobank the Vexing (level 3, -12/29 HPs)
             Began as a Demigod Arcane Marksman on Feb 13, 2022.
             Killed by an exploding adder (27 damage)
             ... ignited by their inner flame
             ... on level 3 of the Dungeon.
             The game lasted 00:08:23 (1991 turns).

croobank the Vexing (Demigod Arcane Marksman)       Turns: 1991, Time: 00:08:27

Health: -12/29     AC:  2    Str: 15    XL:     3   Next: 77%
Magic:  4/7        EV: 12    Int: 15    God:
Gold:   98         SH:  0    Dex: 14    Spells: 1/5 levels left

rFire   . . .      SeeInvis .   b - staff of earth
rCold   . . .      Faith    .   (no shield)
rNeg    . . .      Spirit   .   d - +0 robe
rPois   .          Reflect  .   (no helmet)
rElec   .          Harm     .   (no cloak)
rCorr   .          Rampage  .   (no gloves)
Will    .....                   (no boots)
Stlth   +.........              (no amulet)
HPRegen 0.09/turn               (no ring)
MPRegen 0.10/turn               (no ring)

@: no status effects
A: high MP 1, forlorn, divine attributes
a: no special abilities


You were on level 3 of the Dungeon.
You visited 1 branch of the dungeon, and saw 3 of its levels.

You collected 98 gold pieces.

Inventory:

Hand Weapons
 a - a +1 hand crossbow
 e - a +0 club
 h - a +0 long sword
 k - a +2 hand axe of venom
 l - a +0 flail
Missiles
 c - 9 bolts
 g - 5 boomerangs (quivered)
Armour
 d - a +0 robe (worn)
 j - a +0 ring mail
 m - a +0 leather armour
Magical Staves
 b - a staff of earth (weapon)
Scrolls
 f - 2 scrolls of teleportation
Potions
 i - a potion of lignification {unknown}


   Skills:
 + Level 1.6 Fighting
 + Level 2.3 Crossbows
 + Level 2.3 Dodging
 + Level 1.6 Spellcasting
 + Level 3.1 Hexes


You had one spell level left.
You knew the following spells:

 Your Spells              Type           Power      Damage    Failure   Level
a - Slow                  Hex            40%        N/A       6%          1
b - Inner Flame           Hex/Fire       5%         N/A       36%         3

Your spell library contained the following spells:

 Spells                   Type           Power      Damage    Failure   Level
 Blink                    Tloc           2%         N/A       34%         2
 Portal Projectile        Hex/Tloc       10%        N/A       36%         3
 Cause Fear               Hex            5%         N/A       54%         4
 Lesser Beckoning         Tloc           1%         N/A       56%         3
 Manifold Assault         Tloc           1%         N/A       100%        5


Dungeon Overview and Level Annotations

Branches:
Dungeon (3/15)

Annotations:
D:2 Sigmund


Innate Abilities, Weirdness & Mutations

You have an increased reservoir of magic. (+10% MP)
You shall have no god before yourself.
Your divine heritage dramatically boosts your attributes as you level up.


Message History

The adder is heavily wounded.
You feel sick. The adder closely misses you.
You hit the adder but do no damage.
The adder is heavily wounded.
You feel sick. The adder closely misses you.
You hit the adder.
The adder is severely wounded.
You feel sick. The adder barely misses you.
You closely miss the adder.
The adder is severely wounded.
You feel sick. The adder bites you.
You closely miss the adder.
The adder is severely wounded.
You feel sick.
You are no longer poisoned.
The adder barely misses you.
You closely miss the adder.
The adder is severely wounded.
The adder barely misses you.
You barely miss the adder. You punch the adder.
The adder is severely wounded.
The adder bites you.
You completely miss the adder.
The adder is severely wounded.
The adder is no longer moving slowly.
The adder bites you.
Casting: Slow (safe; 6% risk of failure)
Confirm with . or Enter, or press ? or * to list all spells.
The spell is extremely dangerous to miscast (36% risk of failure)!
Continue anyway?
Aiming: Inner Flame (extremely dangerous; 36% risk of failure)
Press: ? - help, Dir - move target, f/p - adder
Aim: an adder (severely wounded, chance to affect: 57%)
The adder is filled with an inner flame.
The adder bites you.
You hit the adder.
Flame seeps out of the adder.
The adder is almost dead.
The adder is engulfed in blazing flames.
The adder explodes!
The fiery explosion engulfs you!!
Ouch! That really hurt!
You die...

######)##............
#....................
#.....†..............
#....................
.......####+####.......#
........+.......'........
........#.≈...≈.#########
........#.≈._.≈.#
#####...#.≈...≈@#
#...+......§○§#
####+####.# .# . .# #


There were no monsters in sight!

Vanquished Creatures
  3 adders
  3 orcs (D:3)
  3 ball pythons
  5 endoplasms
  3 giant cockroaches (D:1)
  6 goblins
  2 hobgoblins (D:1)
  4 jackals (D:1)
  3 kobolds
  3 quokkas (D:1)
  5 bats
  A frilled lizard (D:1)
  6 rats
47 creatures vanquished.

Notes
Turn   | Place    | Note
-------+----------+-------------------------------------------
     0 | D:1      | croobank the Demigod Arcane Marksman began the quest for
                  | the Orb.
     0 | D:1      | Reached XP level 1. HP: 15/15 MP: 4/4
    65 | D:1      | Reached skill level 1 in Fighting
   549 | D:1      | Reached XP level 2. HP: 23/23 MP: 6/6
  1284 | D:1      | Reached XP level 3. HP: 28/28 MP: 7/7
  1289 | D:1      | Reached skill level 3 in Hexes
  1417 | D:1      | Learned a level 3 spell: Inner Flame
  1743 | D:2      | Noticed Sigmund
  1991 | D:3      | Killed by an exploding adder... ignited by their inner
                  | flame

Illustrated notes

Levels and vault maps discovered:
D:1:      dpeg_arrival_concentric_ovals, layout_loops_corners,
          corexii_item_surrounded_by_moat
D:2:      layout_basic, chequers_ecumenical_altar_simple_redux, uniq_robin,
          uniq_sigmund
D:3:      layout_basic, mainiacjoe_overflow_six_doors_small, grunt_decor_cap,
          chequers_serial_rivers_room_a, st_stairs_7, kennysheep_cross_room

Skill      XL: |  1  2  3 |
---------------+----------+-----
Fighting       | 1 |  1.6
Crossbows      | 2 |  2.3
Dodging        | 2 |  2.3
Hexes          | 3 |  3.1
Spellcasting   | |  1.6

Action                   || total
-------------------------++-------
Melee: Long sword        ||    25
       Staff             ||    16
       Punch             ||     1
 Fire: Hand crossbow     ||    85
Throw: Boomerang         ||     3
 Cast: Slow              ||     1
       Inner Flame       ||     1
  Use: Scroll            ||     2
       Potion            ||     1
Armor: Robe              ||     9
Dodge: Dodged            ||    58
